 Dungeon Crawl Stone Soup version 0.27-a0-1090-gb115f176c6 (webtiles) character file.

Game seed: 14271591659457733120

80 cobaltphoenix the Twirler (level 4, -1/37 HPs)
             Began as a Minotaur Gladiator on Apr 27, 2021.
             Engulfed by an orc wizard's steam (6 damage)
             ... on level 3 of the Dungeon.
             The game lasted 00:09:45 (2404 turns).

cobaltphoenix the Twirler (Minotaur Gladiator)      Turns: 2404, Time: 00:09:46

Health: -1/37      AC:  3    Str: 19    XL:     4   Next: 18%
Magic:  3/3        EV: 12    Int:  5    God:
Gold:   125        SH:  0    Dex: 12    Spells: 3/3 levels left

rFire    . . .     SeeInvis .   a - +0 quarterstaff
rCold    . . .     Faith    .   (shield currently unavailable)
rNeg     . . .     Spirit   .   b - +0 leather armour
rPois    +         Reflect  .   c - +0 hat
rElec    .         Harm     .   (no cloak)
rCorr    .         Rampage  .   (no gloves)
Will     +....                  (no boots)
Stlth    +.........             (no amulet)
HPRegen  0.12/turn              f - ring of willpower
MPRegen  0.08/turn              l - ring of poison resistance {rPois, !d}

@: very slow
A: horns 2, retaliatory headbutt
a: no special abilities


You were on level 3 of the Dungeon.
You visited 1 branch of the dungeon, and saw 3 of its levels.

You collected 125 gold pieces.


Innate Abilities, Weirdness & Mutations

You have a pair of horns on your head.
You reflexively headbutt those who attack you in melee.


   Skills:
 + Level 2.5 Fighting
 * Level 6.0 Staves
 - Level 2.0 Throwing
 + Level 0.1 Armour
 + Level 3.3 Dodging


You had 3 spell levels left.
You didn't know any spells.
Your spell library was empty.

Inventory:

Hand Weapons
 a - a +0 quarterstaff (weapon)
Missiles
 d - 3 throwing nets {=f, !d}
 i - 72 stones (quivered)
Armour
 b - a +0 leather armour (worn)
 c - a +0 hat (worn)
Jewellery
 f - a ring of willpower (left hand)
   (You found it on level 1 of the Dungeon)
 l - a ring of poison resistance (right hand) {rPois, !d}
   (You found it on level 2 of the Dungeon)
Scrolls
 g - a scroll of fear {unknown}
 h - a scroll of magic mapping {unknown}
Potions
 e - a potion of mutation {!q}
 j - a potion of curing
 k - a potion of resistance
 m - a potion of flight

Dungeon Overview and Level Annotations

Branches:
Dungeon (3/15)

Altars:

Shops:
D:1

=[( #≈ ≈≈ .≈≈♣o≈≈o # ##PP
o≈♣≈o§≈ .## ##PP≈≈≈ ♣≈≈≈§###
.... #..P≈≈♣≈♣P..o(.##.....
#..≈≈♣♣♣P≈.≈##o.......
#.≈P≈≈≈≈♣≈≈≈##o##.....
#.PPP≈♣≈♣≈≈..#o##.....
##..P≈≈≈≈≈♣♣≈≈@...## .
#....P≈≈.≈≈≈♣♣≈≈≈≈P#
#.#.###.P.≈≈P≈≈♣≈≈P# #.#.#
#..#≈.≈..P≈P.#
#.#.###.###...###### #.#.#
#.#.##..###...# #.#.#
#.#.##.†.##...# #.#.#
###.#.####.##..[########.#.##
#........†.##...............#


You could see 2 orc wizards and an orc.


Message History

You now have 125 gold pieces (gained 12).
Found an escape hatch in the ceiling.
There is an escape hatch in the ceiling here.
A mysterious force pulls you upwards. The hatch slams shut behind you.
(D) Dungeon
Where to? (Enter - D:3, ? - help)
There is an open door here.
There is an open door here.
There is a stone staircase leading down here.
You climb downwards.
There is a stone staircase leading up here.
g - a scroll labelled HAFFOUS QUESU A giant cockroach comes into view.
You throw a stone.
The stone hits the giant cockroach but does no damage.
You hit the giant cockroach. The giant cockroach barely misses you.
The giant cockroach misses you.
You sock the giant cockroach!
You kill the giant cockroach!
No target in view!
You see here a giant cockroach corpse.
i - 75 stones (gained 1)
A rat comes into view.
A quokka comes into view.
The rat moves out of view.
You throw a stone. The stone hits the quokka.
You closely miss the quokka. Your headbutt misses the quokka.
The quokka closely misses you. You furiously retaliate!
You headbutt the quokka, but do no damage.
You closely miss the quokka. You headbutt the quokka.
You kill the quokka!
No target in view!
You see here a quokka corpse.
You see here a stone.
The rat closely misses you.
You closely miss the rat. The rat barely misses you.
You sock the rat!
You kill the rat!
No target in view!
i - 75 stones (gained 1)
You see here a +0 scale mail.
You enter the shallow water.
Moving in this stuff is going to be slow.
You enter the shallow water.
Moving in this stuff is going to be slow.
You enter the shallow water.
Moving in this stuff is going to be slow.
An orc comes into view. It is wielding a +0 mace.
You see here a rat corpse.
You enter the shallow water.
Moving in this stuff is going to be slow.
An orc comes into view. It is wielding a +0 club.
The orc shouts!
You hear a shout! 2 orc wizards come into view.
The orc wizard shouts!
The orc shouts!
An orc comes into view. It is wielding a +0 whip.
The orc wizard shouts!
The orc shouts!
You sock the orc!
You kill the orc!
The orc wizard points at you and mumbles some strange words.
The puff of flame hits you!
You take 8 damage, and have 29/37 hp.
MASSIVE DAMAGE!!
You start resting.
An orc is nearby!
You throw a stone. The stone barely misses the orc.
You throw a stone. The stone hits the orc.
You hit the orc. The orc misses you. You furiously retaliate!
You headbutt the orc!
You kill the orc!
You throw a stone. The stone hits the orc wizard.
The orc wizard casts a spell at you.
You are confused.
You bump into the rock wall.
You bump into the rock wall.
You bump into the rock wall.
The orc wizard gestures at you while chanting.
The magic dart hits you.
You take 5 damage, and have 25/37 hp.
You enter the shallow water.
Moving in this stuff is going to be slow.
You feel less confused. The orc wizard casts a spell at you.
The magic dart hits you!
You take 7 damage, and have 19/37 hp.
The orc wizard hits you with a +0 dagger.
The orc wizard barely misses you. You furiously retaliate!
You headbutt the orc wizard, but do no damage.
You take 5 damage, and have 14/37 hp.
You barely miss the orc wizard.
The orc wizard points at you and mumbles some strange words.
The magic dart hits you!
* * * LOW HITPOINT WARNING * * *
You take 9 damage, and have 5/37 hp.
MASSIVE DAMAGE!!
You hit the orc wizard.
The orc wizard gestures at you while chanting.
The puff of flame misses you.
You hit the orc wizard. Your headbutt misses the orc wizard.
You are engulfed in a cloud of scalding steam.
You die...

Skill      XL: |  1  2  3 |
---------------+----------+-----
Staves         | 4 5 6 |  6.0
Fighting       | |  2.5
Throwing       | |  2.0
Armour         | |  0.1
Dodging        | |  3.3

Action                   |  1- 3 |  4- 6 || total
-------------------------+-------+-------++-------
Melee: Quarterstaff      |    64 |    19 ||    83
       Headbutt          |     8 |     1 ||     9
Throw: Stone             |    28 |    10 ||    38
  Use: Scroll            |       |     4 ||     4
Armor: Leather armour    |    16 |     2 ||    18
Dodge: Dodged            |    41 |    13 ||    54

Levels and vault maps discovered:
D:1:      eino_arrival_druids_welcome, layout_basic, serial_shops,
          nicolae_shop_waterfront, shop, shop
D:2:      layout_loops_corners, chequers_arboretum, minivault_26,
          minmay_fractal_squares_5
D:3:      layout_loops_ring, minmay_misc_feat_tower, serial_bayou_lagoon_a

Notes
Turn   | Place    | Note
-------+----------+-------------------------------------------
     0 | D:1      | cobaltphoenix the Minotaur Gladiator began the quest for
                  | the Orb.
     0 | D:1      | Reached XP level 1. HP: 18/18 MP: 0/0
    23 | D:1      | Reached skill level 4 in Staves
   114 | D:1      | Reached XP level 2. HP: 15/25 MP: 1/1
   328 | D:1      | Reached skill level 5 in Staves
   394 | D:1      | Reached XP level 3. HP: 27/30 MP: 2/2
   599 | D:1      | Found Elitad's Jewellery Shop.
   662 | D:1      | Found Afatwek's Armour Shop.
   671 | D:1      | Found Niacuub's Antique Weapon Shop.
  1563 | D:2      | Reached skill level 6 in Staves
  1563 | D:2      | Reached XP level 4. HP: 37/37 MP: 3/3
  2402 | D:3      | HP: 5/37 [orc wizard/magic dart (9)]
  2404 | D:3      | Engulfed by an orc wizard's steam

Vanquished Creatures
  An adder (D:2)
  A gnoll (D:1)
  A worm (D:2)
  2 dart slugs (D:1)
  2 orcs (D:3)
  5 ball pythons
  A bat (D:2)
  7 endoplasms
  3 giant cockroaches
  5 goblins
  5 hobgoblins
  4 jackals (D:1)
  2 quokkas
  3 frilled lizards
  3 kobolds
  2 rats
47 creatures vanquished.

Vanquished Creatures (others)
  37 plants
37 creatures vanquished.

Grand Total: 84 creatures vanquished

Table legend: (Time is in decaauts)
 A = Elapsed time spent in this place.
 B = Non-inter-level travel time spent in this place.
 C = Inter-level travel time spent in this place.
 D = Time resting spent in this place.
 E = Time spent auto-exploring this place.
 F = Levels seen in this place.
 G = Mean time per level.
                   A        B        C        D        E       F      G
               +--------+--------+--------+--------+--------+-----+--------+
         Total |   2411 |   2288 |    123 |     28 |   1853 |   3 |  803.7 |
       Dungeon |   2411 |   2288 |    123 |     28 |   1853 |   3 |  803.7 |
               +--------+--------+--------+--------+--------+-----+--------+

Top non-repeatable levels by time:
     D:2: 1159 daAuts
     D:1: 1012 daAuts
     D:3: 239 daAuts

Table legend:
 A = Non-vault XP
 B = Vault XP
 C = Vault XP percentage of total XP
 D = Non-vault monster count
 E = Vault monster count
 F = Vault count percentage of total count
                 A         B        C        D         E       F
            +---------+---------+-------+---------+---------+-------
      Total |     101 |      14 |  12.2 |      41 |       6 |  12.8
            +---------+---------+-------+---------+---------+-------
        D:1 |      55 |       0 |   0.0 |      23 |       0 |   0.0
        D:2 |      35 |      14 |  28.6 |      13 |       6 |  31.6
        D:3 |      11 |       0 |   0.0 |       5 |       0 |   0.0
            +---------+---------+-------+---------+---------+-------
